 Dungeon Crawl Stone Soup version 0.25-a0-591-g2ad0d86 (webtiles) character file.

Game seed: 18323460350557430262, levelgen mode: deterministic

269494 Faca the Warrior (level 21, -5/191 HPs)
             Began as a Human Fighter on Mar 14, 2020.
             Was the Champion of Okawaru.
             Slain by a stone giant (17 damage)
             ... on level 1 of the Vaults on Mar 15, 2020.
             The game lasted 02:01:06 (46198 turns).

Faca the Warrior (Human Fighter)                   Turns: 46198, Time: 02:01:06

Health: -5/191     AC: 34    Str: 31    XL:     21   Next: 3%
Magic:  25/27      EV: 16    Int: 14    God:    Okawaru [******]
Gold:   2962       SH: 19    Dex: 16    Spells: 20/20 levels left

rFire    + + .     SeeInvis +   T - +3 demon blade (freeze)
rCold    + + +     Gourm    .   q - +2 kite shield
rNeg     . . .     Faith    .   S - +7 plate armour of Faca's Watchfulness {rElec MR+ Str+4}
rPois    .         Spirit   .   R - +2 helmet of Okawaru's Displeasure {-Cast rC+ MR+ Int+3 Dex+3}
rElec    +         Reflect  .   J - scarf {rC+ rF+}
rCorr    +         Harm     .   y - +0 pair of gloves
MR       +++..     NoCast   +   I - +1 pair of boots {Fly}
Stlth    ..........             K - amulet of Vitality {Regen+ HP+15}
HPRegen  0.81/turn              a - ring of Polytheism {+Fly rC+ rCorr Str+3 SInv}
MPRegen  0.20/turn              A - ring of protection from fire

@: about to teleport, heroism
A: screaming 1
}: 2/15 runes: serpentine, barnacled
a: Heroism, Finesse, Renounce Religion, Evoke Flight


You were on level 1 of the Vaults.
You worshipped Okawaru.
Okawaru was exalted by your worship.
You were hungry.

You visited 7 branches of the dungeon, and saw 33 of its levels.
You also visited: Bailey and Ice Cave.

You collected 5891 gold pieces.
You spent 2929 gold pieces at shops.

Inventory:

Hand Weapons
 T - a +3 demon blade of freezing (weapon)
 U - a +3 scimitar of flaming
Missiles
 j - 9 throwing nets
 o - 101 boomerangs (quivered)
 M - 22 silver javelins
 Q - 90 javelins
Armour
 q - a +2 kite shield (worn)
 y - a +0 pair of gloves (worn)
 I - a +1 pair of boots of flying (worn)
 J - a scarf of resistance (worn)
 R - the +2 helmet of Okawaru's Displeasure (worn) {-Cast rC+ MR+ Int+3 Dex+3}
   (Okawaru gifted it to you on level 14 of the Dungeon)

   It affects your intelligence (+3).
   It affects your dexterity (+3).
   It protects you from cold.
   It affects your resistance to hostile enchantments.
   It prevents spellcasting.
 S - the +7 plate armour of Faca's Watchfulness (worn) {rElec MR+ Str+4}
   (Okawaru gifted it to you on level 6 of the Lair of Beasts)

   It affects your strength (+4).
   It insulates you from electricity.
   It affects your resistance to hostile enchantments.
Jewellery
 a - the ring of Polytheism (left hand) {+Fly rC+ rCorr Str+3 SInv}
   (You bought it in a shop on level 1 of the Orcish Mines)

   [ring of resist corrosion]

   It affects your strength (+3).
   It protects you from cold.
   It lets you see invisible.
   It lets you fly.
   It provides partial protection from all sources of acid and corrosion.
 n - an uncursed ring of protection from magic
 u - an uncursed ring of resist corrosion
 A - a ring of protection from fire (right hand)
 D - an uncursed ring of poison resistance
 K - the amulet of Vitality (around neck) {Regen+ HP+15}
   (You found it in an ice cave)

   [amulet of regeneration]

   It affects your health (+15).
   It increases your rate of regeneration.
Wands
 m - a wand of digging (9)
 p - a wand of scattershot (5)
 w - a wand of paralysis (8)
 E - a wand of acid (12)
 G - a wand of clouds (8)
 N - a wand of disintegration (14)
Scrolls
 b - 8 scrolls of identify
 e - 4 scrolls of magic mapping
 g - 9 scrolls of teleportation
 h - 18 scrolls of remove curse
 t - a scroll of holy word
 x - 7 scrolls of enchant armour
 B - 2 scrolls of fear
 L - 4 scrolls of fog
 O - 4 scrolls of immolation
Potions
 c - a potion of magic
 d - 2 potions of might
 i - 2 potions of stabbing
 k - 6 potions of flight
 l - 3 potions of invisibility
 s - 3 potions of lignification
 v - 4 potions of mutation
 z - 2 potions of haste
 C - a potion of berserk rage
 F - a potion of resistance
 H - 3 potions of cancellation
Comestibles
 f - 29 rations


   Skills:
 + Level 17.7(22.7) Fighting
 + Level 17.5(22.5) Long Blades
 + Level 10.5(15.5) Throwing
 - Level 15.0(20.0) Armour
 + Level 6.1(11.1) Dodging
 - Level 15.0(20.0) Shields
 + Level 8.6 Invocations


You had 20 spell levels left.
You didn't know any spells.
Your spell library contained the following spells:

 Spells                   Type           Power        Failure   Level  Hunger
 Animate Skeleton         Necr           N/A          75%         1    ##.....
 Apportation              Tloc           #.....       75%         1    ##.....
 Beastly Appendage        Tmut           #.....       75%         1    ##.....
 Corona                   Hex            #......      75%         1    ##.....
 Freeze                   Ice            #...         75%         1    ##.....
 Magic Dart               Conj           #...         75%         1    ##.....
 Shock                    Conj/Air       #...         75%         1    ##.....
 Summon Small Mammal      Summ           #...         75%         1    ##.....
 Blink                    Tloc           N/A          86%         2    ###....
 Call Imp                 Summ           #.......     86%         2    ###....
 Passwall                 Tmut/Erth      #.......     86%         2    ###....
 Slow                     Hex            #.......     86%         2    ###....
 Sticks to Snakes         Tmut           #.......     86%         2    ###....
 Swiftness                Chrm/Air       #.......     86%         2    ###....
 Call Canine Familiar     Summ           #.......     98%         3    ####...
 Conjure Flame            Conj/Fire      #.......     98%         3    ####...
 Frozen Ramparts          Ice            #.....       98%         3    ####...
 Mephitic Cloud           Conj/Pois/Air  #.......     98%         3    ####...
 Ozocubu's Armour         Chrm/Ice       #.......     98%         3    ####...
 Recall                   Summ/Tloc      N/A          98%         3    ####...
 Spider Form              Tmut/Pois      #.........   98%         3    ####...
 Static Discharge         Conj/Air       #.......     98%         3    ####...
 Summon Guardian Golem    Hex/Summ       #.......     98%         3    ####...
 Airstrike                Air            #.........   100%        4    #####..
 Animate Dead             Necr           N/A          100%        4    #####..
 Hailstorm                Conj/Ice       #.......     100%        4    #####..
 Ice Form                 Ice/Tmut       #.......     100%        4    #####..
 Passage of Golubria      Tloc           N/A          100%        4    #####..
 Summon Ice Beast         Ice/Summ       #.......     100%        4    #####..
 Summon Lightning Spire   Summ/Air       #.......     100%        4    #####..
 Blade Hands              Tmut           #.........   100%        5    ######.
 Borgnjor's Vile Clutch   Necr/Erth      #.........   100%        5    ######.
 Lee's Rapid Deconstruct  Erth           #.........   100%        5    ######.
 Lightning Bolt           Conj/Air       #.........   100%        5    ######.
 Darkness                 Hex            #.........   100%        6    #######
 Death Channel            Necr           #.........   100%        6    #######
 Invisibility             Hex            #.......     100%        6    #######
 Simulacrum               Ice/Necr       #.........   100%        6    #######


Dungeon Overview and Level Annotations

Branches:
Dungeon (15/15)            Temple (1/1) D:7            Lair (6/6) D:9
 Shoals (4/4) Lair:4        Snake (4/4) Lair:4        Slime (0/5) Lair:5
    Orc (2/2) D:9             Elf (0/3) Orc:2        Vaults (1/5) D:14
 Depths (0/5) D:15         Bailey (visited)           IceCv (visited)

Altars:
Ashenzari
Cheibriados
Elyvilon
Fedhas
Kikubaaqudgha
Makhleb
Okawaru
Qazlal
Ru
Uskayaw
Vehumet
Xom
Yredelemnul
Zin
Beogh
Jiyva

Shops:
D:4 (   D:10 }   D:13 %   Orc:1 =   Orc:2 }![%   Snake:3 =}

Portals:
Hell: Lair:6
Abyss: Lair:6
Pandemonium: Orc:2

Annotations:
Lair:6 2 transporters, Strat's ghost, journeyman FoIE


Innate Abilities, Weirdness & Mutations

You occasionally shout uncontrollably at your foes.


Message History

You block the stone giant's attack. The centaur misses you.
A freezing wraith comes into view.
You hit the stone giant. You freeze the stone giant.
The stone giant is lightly wounded.
You block the yaktaur captain's attack.
You hit the stone giant but do no damage.
The stone giant is lightly wounded.
The centaur shoots an arrow.
You block the arrow. You block the centaur's attack.
The stone giant hits you but does no damage.
The centaur warrior unwields a +0 shortbow.
The centaur warrior hits you but does no damage.
As you read the scroll of teleportation, it crumbles to dust.
You feel strangely unstable. You block the centaur's attack.
The centaur shoots an arrow.
The arrow hits you but does no damage. The yaktaur captain hits you!
* * * LOW HITPOINT WARNING * * *
The centaur warrior hits you but does no damage.
You block the centaur's attack. The stone giant hits you!
You die...

....# .... #... ....# ...#
#... ....# % .W+ #...
....# .. ##.# #... ....#
... 'p## #... ....# ....
#..## #... ....#
#....#.c.# ## #... ....#
#...'c)##..# #... ....#
##c@c)..# #... ....#
##..C))..# #... ....#
#....##..# #... ....#
######'###############...
.....
..........................
......
......(...................
##########################


You could see an ironheart preserver, a stone giant, a yaktaur captain, a
centaur warrior, a freezing wraith and 2 centaurs.

Vanquished Creatures
  Jorgrun (D:15)
  Rupert (D:13)
  Kirke (Lair:5)
  A kraken (Shoals:4)
  7 nagarajas (Snake:4)
  A vault warden (Vaults:1)
  A frost giant (Vaults:1)
  Aizul (Snake:1)
  An orc warlord (Orc:1)
  The ghost of Tabiqoth the Champion of Chaos, a journeyman DDNe of Makhleb (Snake:1)
  2 ironheart preservers (Vaults:1)
  5 merfolk javelineers
  The ghost of Paroid the Thaumaturge, a journeyman DgWz (Orc:2)
  2 ettins
  Snorg (Orc:1)
  6 merfolk impalers
  Josephine (Orc:1)
  A fire dragon (D:14)
  3 yaktaur captains (Vaults:1)
  11 naga warriors
  Harold (D:9)
  6 hydras
  11 anacondas
  2 vault guards (Vaults:1)
  2 ice dragons (IceCv)
  A catoblepas (Lair:4)
  A hell beast (Lair:6)
  15 two-headed ogres
  8 merfolk avatars
  6 centaur warriors
  2 satyrs
  2 ogre magi
  9 death yaks
  7 orc high priests
  4 merfolk aquamancers
  3 alligator snapping turtles
  2 tengu warriors (D:14)
  A deep troll shaman (Vaults:1)
  A vampire mage (D:15)
  2 shock serpents
  16 naga sharpshooters
  2 deep elf knights (Vaults:1)
  Urug (D:14)
  Nergalle (D:12)
  2 sixfirhies (Orc:2)
  A salamander mystic (Snake:3)
  2 skeletal warriors
  2 infernal demonspawn (Orc:2)
  4 unseen horrors
  3 deep trolls (Vaults:1)
  13 sea snakes
  A torturous demonspawn (Orc:2)
  8 naga ritualists
  A deep elf archer (Vaults:1)
  A wolf spider zombie (D:14)
  A golden dragon skeleton (D:15)
  A necromancer (D:15)
  A wizard (Lair:6)
  3 ironbrand convokers (Vaults:1)
  13 orc knights
  15 harpies
  6 mana vipers
  6 deep elf magi
  An orb spider (shapeshifter) (D:13)
  2 wolf spiders (Vaults:1)
  8 orc sorcerers
  26 ugly things
  9 cyclopes
  6 fauns
  4 guardian serpents
  7 salamanders
  15 manticores
  49 black mambas
  Joseph (Lair:1)
  2 ice statues (IceCv)
  7 elephants
  4 merfolk sirens
  3 orange demons (Lair:6)
  2 water nymphs
  2 vault sentinels (Vaults:1)
  28 naga magi
  A gargoyle (D:14)
  7 centaur skeletons
  11 spiny frogs
  4 yaktaurs
  7 rime drakes
  9 komodo dragons
  An ice devil (Orc:2)
  A hellwing (Lair:6)
  2 red devils (Lair:6)
  6 trolls
  2 efreet
  A guardian mummy (D:15)
  A spriggan skeleton (D:15)
  34 merfolk
  A hornet (Vaults:1)
  7 wind drakes
  11 slime creatures (Vaults:1)
  A stone giant simulacrum (Vaults:1)
  14 snapping turtles
  10 hippogriffs
  4 polar bears (Lair:1)
  9 dream sheep
  6 blink frogs
  A deep troll zombie (D:15)
  15 water elementals
  5 wraiths
  3 wyverns
  A fire dragon skeleton (D:15)
  2 vampires
  16 humans (D:13)
  41 yaks
  3 shadows
  6 hogs
  23 vampire mosquitoes
  A basilisk (Lair:1)
  3 hungry ghosts
  A steam dragon (D:8)
  A neqoxec (Orc:2)
  Menkaure (D:5)
  7 wargs
  4 insubstantial wisps (Lair:3)
  3 acid dragons
  40 nagas
  21 water moccasins
  4 hell hounds (Lair:6)
  7 porcupines
  62 orc warriors
  A swamp drake (Orc:1)
  16 ice beasts
  An eye of draining (shapeshifter) (Vaults:1)
  A sky beast (D:11)
  11 ogres
  9 black bears
  9 wolves
  17 centaurs
  13 crocodiles
  A big kobold (D:9)
  Blork the orc (D:5)
  4 gnoll sergeants
  17 bullfrogs
  A water moccasin skeleton (D:3)
  7 scorpions
  A hornet simulacrum (D:15)
  A human simulacrum (Vaults:1)
  11 killer bees
  4 howler monkeys
  3 wights (D:12)
  4 electric eels
  A vampire bat (Lair:1)
  8 crimson imps
  6 centaur zombies
  3 jellies
  A bullfrog skeleton (D:12)
  2 bullfrog zombies (D:12)
  An iron imp (Orc:1)
  A gnoll shaman (D:8)
  11 hounds
  28 orc priests
  25 orc wizards
  Ijyb (D:4)
  12 worker ants
  A hound skeleton (D:5)
  A worker ant zombie (D:5)
  A howler monkey skeleton (D:4)
  17 adders
  28 gnolls
  4 shadow imps
  A white imp (Orc:1)
  2 oozes
  2 dart slugs
  3 leopard geckos
  104 orcs
  A ball python (D:2)
  3 giant cockroaches
  8 hobgoblins
  3 iguanas
  14 jackals
  4 kobolds
  4 quokkas
  A ball python skeleton (D:4)
  16 bats
  7 frilled lizards
  6 goblins
  A jackal skeleton (D:7)
  2 quokka skeletons
  6 rats
  2 fungi
  2 plants (Lair:3)
  3 tentacles (Shoals:4)
1316 creatures vanquished.

Vanquished Creatures (others)
  An eye of draining (D:15)
  2 orc wizards
  10 fungi (Lair:6)
  7 plants
  11 tentacles (Shoals:4)
31 creatures vanquished.

Grand Total: 1347 creatures vanquished

Notes
Turn   | Place    | Note
-------+----------+-------------------------------------------
     0 | D:1      | Faca the Human Fighter began the quest for the Orb.
     0 | D:1      | Reached XP level 1. HP: 18/18 MP: 1/1
   120 | D:1      | Reached XP level 2. HP: 22/24 MP: 2/2
   370 | D:1      | Reached XP level 3. HP: 29/29 MP: 3/3
  1156 | D:2      | Reached XP level 4. HP: 37/37 MP: 4/4
  1800 | D:2      | You fall into a shaft and drop 2 floors!
  2003 | D:2      | Reached XP level 5. HP: 42/42 MP: 5/5
  2005 | D:2      | Noticed a fire elemental
  2007 | D:2      | Found a stormy altar of Qazlal.
  2008 | D:2      | Noticed an air elemental
  2008 | D:2      | Noticed a water elemental
  2540 | D:3      | Found a shimmering altar of Xom.
  3085 | D:3      | Reached XP level 6. HP: 50/50 MP: 6/6
  3173 | D:3      | Found a white marble altar of Elyvilon.
  3291 | D:3      | Reached skill level 5 in Fighting
  3569 | D:4      | Found Ubladgh's Antique Weapon Emporium.
  3698 | D:4      | Noticed Ijyb
  3711 | D:4      | Killed Ijyb
  3767 | D:4      | Noticed an ogre
  3774 | D:4      | Killed an ogre
  3774 | D:4      | Reached skill level 5 in Long Blades
  3774 | D:4      | Reached XP level 7. HP: 40/57 MP: 7/7
  4090 | D:5      | Entered Level 5 of the Dungeon
  4453 | D:5      | Reached XP level 8. HP: 58/65 MP: 8/8
  4580 | D:5      | Noticed Blork the orc
  4585 | D:5      | Killed Blork the orc
  4601 | D:5      | Noticed Menkaure
  4827 | D:4      | Bought a faintly glowing falchion for 192 gold pieces
  4827 | D:4      | Identified the +9 falchion "Wonkum" {freeze, Str+2 SInv}
                  | (You bought it in a shop on level 4 of the Dungeon)
  5139 | D:5      | Killed Menkaure
  5897 | D:6      | Reached XP level 9. HP: 62/74 MP: 9/9
  6616 | D:7      | Found a basalt altar of Yredelemnul.
  6626 | D:7      | Noticed a two-headed ogre
  6639 | D:7      | Killed a two-headed ogre
  6726 | D:7      | Found a flagged portal.
  6744 | Bailey   | Entered a bailey
  7338 | D:7      | Found a staircase to the Ecumenical Temple.
  7347 | Temple   | Entered the Ecumenical Temple
  7364 | Temple   | Became a worshipper of Warmaster Okawaru
  7383 | D:7      | Noticed a hippogriff
  7396 | D:7      | Killed a hippogriff
  7396 | D:7      | Reached XP level 10. HP: 72/85 MP: 10/10
  7673 | D:7      | Reached skill level 10 in Fighting
  8206 | D:8      | Reached * piety under Okawaru
  8206 | D:8      | Reached skill level 10 in Long Blades
  8629 | D:9      | Found a staircase to the Orcish Mines.
  8733 | D:9      | Noticed Harold
  8760 | D:9      | Killed Harold
  8760 | D:9      | Reached ** piety under Okawaru
  9036 | D:9      | Found a sacrificial altar of Ru.
  9255 | D:9      | Reached XP level 11. HP: 66/92 MP: 11/11
  9434 | D:9      | Reached *** piety under Okawaru
  9448 | D:9      | Found a staircase to the Lair.
  9457 | D:9      | Reached skill level 5 in Armour
  9926 | D:10     | Entered Level 10 of the Dungeon
  9926 | D:10     | Found Xumytz's Gadget Boutique.
  9934 | D:9      | Reached skill level 5 in Shields
 10344 | D:10     | Noticed a two-headed ogre
 10357 | D:10     | Killed a two-headed ogre
 10357 | D:10     | Reached **** piety under Okawaru
 11259 | D:11     | Noticed a two-headed ogre
 11269 | D:11     | Killed a two-headed ogre
 11581 | D:11     | Noticed a two-headed ogre
 11586 | D:11     | Killed a two-headed ogre
 11596 | D:11     | Reached ***** piety under Okawaru
 11654 | D:11     | Found a hide-covered altar of Uskayaw.
 11815 | Lair:1   | Entered Level 1 of the Lair of Beasts
 11864 | Lair:1   | Reached XP level 12. HP: 84/101 MP: 12/12
 11879 | Lair:1   | Received a gift from Okawaru
 12439 | Lair:1   | Reached skill level 1 in Invocations
 12988 | Lair:1   | Noticed Joseph
 13002 | Lair:1   | Killed Joseph
 14832 | Lair:3   | Found a frozen archway.
 14841 | IceCv    | Entered an ice cave
 15917 | IceCv    | Noticed an ice dragon
 15917 | IceCv    | Noticed an ice dragon
 15930 | IceCv    | Killed an ice dragon
 15930 | IceCv    | Reached XP level 13. HP: 59/109 MP: 8/16
 15936 | IceCv    | Killed an ice dragon
 15995 | IceCv    | Found the amulet of Vitality {Regen+ HP+15}
 16143 | Lair:3   | Noticed a four-headed hydra
 16152 | Lair:3   | Killed a six-headed hydra
 16502 | Lair:3   | Reached skill level 5 in Invocations
 16813 | Lair:3   | Noticed a five-headed hydra
 16820 | Lair:3   | Killed a five-headed hydra
 16820 | Lair:3   | Received a gift from Okawaru
 17312 | Lair:3   | Found the +8 whip "Snakebite" {curare, rPois}
 17493 | Lair:4   | Found a staircase to the Snake Pit.
 18234 | Lair:4   | Found a staircase to the Shoals.
 18526 | Lair:4   | Reached ****** piety under Okawaru
 18681 | Lair:5   | Noticed a five-headed hydra
 18691 | Lair:5   | Killed a five-headed hydra
 18871 | Lair:5   | Noticed a catoblepas
 18909 | Lair:4   | Killed a catoblepas
 18909 | Lair:4   | Reached XP level 14. HP: 91/118 MP: 17/17
 19030 | Lair:5   | Found a staircase to the Slime Pits.
 19032 | Lair:5   | Found a viscous altar of Jiyva.
 19459 | Lair:5   | Received a gift from Okawaru
 19810 | Lair:6   | Entered Level 6 of the Lair of Beasts
 19872 | Lair:5   | Reached skill level 10 in Armour
 19990 | Lair:6   | Reached skill level 10 in Shields
 19997 | Lair:6   | Found a transporter.
 20303 | Lair:6   | Received a gift from Okawaru
 20308 | Lair:6   | Got a transparent plate armour {god gift}
 20408 | Lair:6   | Identified the +7 plate armour of Faca's Watchfulness
                  | {rElec MR+ Str+4} (Okawaru gifted it to you on level 6 of
                  | the Lair of Beasts)
 20429 | Lair:6   | Noticed Strat's ghost (journeyman FoIE)
 20541 | Lair:6   | Found a one-way gate to the infinite horrors of the Abyss.
 20550 | Lair:6   | Found a transporter.
 20733 | Lair:6   | Noticed Kirke
 20876 | Lair:5   | Killed Kirke
 20997 | Lair:6   | Found a burning altar of Makhleb.
 21216 | Lair:6   | Found a gateway to Hell.
 21370 | Lair:6   | Reached XP level 15. HP: 119/126 MP: 18/18
 21969 | Orc:1    | Entered Level 1 of the Orcish Mines
 22143 | Orc:1    | Noticed Snorg
 22157 | Orc:1    | Killed Snorg
 22340 | Orc:1    | Found Muwogrei's Jewellery Boutique.
 22347 | Orc:1    | Bought a cursed -3 ring of evasion for 26 gold pieces
 22365 | Orc:1    | Noticed an orc warlord
 22394 | Orc:1    | Killed an orc warlord
 22394 | Orc:1    | Received a gift from Okawaru
 22394 | Orc:1    | Reached skill level 1 in Throwing
 22709 | Orc:1    | Found a roughly hewn altar of Beogh.
 22710 | Orc:1    | Noticed Josephine
 22728 | Orc:1    | Killed Josephine
 23140 | Orc:2    | Entered Level 2 of the Orcish Mines
 23492 | Orc:2    | Found a staircase to the Elven Halls.
 24107 | Orc:2    | Found Uddad's Distillery.
 24112 | Orc:2    | Found Latsohea's Food Emporium.
 24126 | Orc:2    | Gained mutation: You occasionally shout uncontrollably at
                  | your foes. [a neqoxec]
 24132 | Orc:2    | Received a gift from Okawaru
 24254 | Orc:2    | Received a gift from Okawaru
 24393 | Orc:2    | Found a large runed translucent door.
 24394 | Orc:2    | Found a large runed translucent door.
 24395 | Orc:2    | Noticed Paroid's ghost (journeyman DgWz)
 24885 | Orc:2    | Reached XP level 16. HP: 134/134 MP: 17/19
 25029 | Orc:2    | Found Japen's Gadget Shop.
 25029 | Orc:2    | Found Peod's Antique Armour Boutique.
 25029 | Orc:2    | Found a one-way gate leading to the halls of Pandemonium.
 25038 | Orc:2    | Bought a pair of embroidered boots for 217 gold pieces
 25053 | Orc:2    | Bought a faintly glowing chain mail for 275 gold pieces
 25063 | Orc:2    | Identified the +8 chain mail "Hanusaosch" {Int+3} (You
                  | bought it in a shop on level 2 of the Orcish Mines)
 25257 | Orc:2    | Killed Paroid's ghost
 25390 | D:12     | Received a gift from Okawaru
 25420 | D:12     | Noticed Nergalle
 25435 | D:12     | Killed Nergalle
 25685 | Orc:1    | Bought the ring of Polytheism {+Fly rC+ rCorr Str+3 SInv}
                  | for 605 gold pieces
 26143 | D:12     | Reached skill level 5 in Throwing
 27134 | D:13     | Noticed Rupert
 27136 | D:13     | Reached skill level 15 in Fighting
 27171 | D:13     | Killed Rupert
 27171 | D:13     | Received a gift from Okawaru
 27175 | D:13     | Received a gift from Okawaru
 27176 | D:13     | Got a transparent scimitar {god gift}
 27201 | D:13     | Identified the +6 scimitar of Cruel Justice {venom, Dex+3}
                  | (Okawaru gifted it to you on level 13 of the Dungeon)
 27385 | D:13     | Found Cutud's Food Shop.
 27648 | D:14     | Found a gate to the Vaults.
 27648 | D:14     | Noticed Urug
 27729 | D:13     | Reached skill level 15 in Long Blades
 27967 | D:14     | Killed Urug
 28003 | D:14     | Received a gift from Okawaru
 28023 | D:14     | Got a fine helmet {god gift}
 28034 | D:14     | Identified the +2 helmet of Okawaru's Displeasure {-Cast
                  | rC+ MR+ Int+3 Dex+3} (Okawaru gifted it to you on level 14
                  | of the Dungeon)
 28368 | D:14     | Reached XP level 17. HP: 134/142 MP: 20/20
 28889 | D:14     | Identified a scroll of acquirement
 28889 | D:14     | Identified the +0 kite shield of Fortitude {*Corrode rF+
                  | Slay+3} (You acquired it on level 14 of the Dungeon)
 28932 | D:15     | Entered Level 15 of the Dungeon
 28968 | D:15     | Found a basalt altar of Yredelemnul.
 29587 | D:15     | Found a staircase to the Depths.
 29672 | D:15     | Noticed Jorgrun
 29684 | D:15     | Killed Jorgrun
 29691 | D:15     | Received a gift from Okawaru
 30416 | Snake:1  | Entered Level 1 of the Snake Pit
 30561 | Snake:1  | Noticed Tabiqoth's ghost (journeyman DDNe)
 30562 | Snake:1  | Found a runed translucent door.
 30584 | Snake:1  | Killed Tabiqoth's ghost
 30797 | Snake:1  | Found a glowing silver altar of Zin.
 31296 | Snake:1  | Noticed Aizul
 31333 | Snake:1  | Killed Aizul
 33181 | Snake:3  | Reached XP level 18. HP: 151/151 MP: 21/21
 33187 | Snake:3  | Received a gift from Okawaru
 33577 | Snake:3  | Found Ryocwik's Jewellery Emporium.
 33577 | Snake:3  | Found Ocoi's Gadget Boutique.
 33578 | Snake:3  | Found Ipom's Gadget Boutique.
 33585 | Snake:3  | Bought an uncursed ring of poison resistance for 400 gold
                  | pieces
 33624 | Snake:3  | Received a gift from Okawaru
 34123 | Snake:4  | Entered Level 4 of the Snake Pit
 34628 | Snake:3  | HP: 6/166 [black mamba (4)]
 35846 | Snake:4  | Received a gift from Okawaru
 35904 | Snake:4  | Received a gift from Okawaru
 36394 | Snake:4  | Reached XP level 19. HP: 149/159 MP: 22/22
 36664 | Snake:4  | Reached skill level 10 in Throwing
 36672 | Snake:4  | Received a gift from Okawaru
 37205 | Snake:4  | Got a serpentine rune of Zot
 37379 | Snake:3  | Bought an uncursed ring of protection from magic for 500
                  | gold pieces
 37379 | Snake:3  | Bought a +3 ring of intelligence for 314 gold pieces
 37379 | Snake:3  | Bought an uncursed ring of positive energy for 400 gold
                  | pieces
 37533 | Shoals:1 | Entered Level 1 of the Shoals
 39546 | Shoals:2 | Reached skill level 1 in Dodging
 40928 | Shoals:3 | Received a gift from Okawaru
 41094 | Shoals:3 | Received a gift from Okawaru
 41366 | Shoals:3 | Reached XP level 20. HP: 168/168 MP: 24/24
 41612 | Shoals:4 | Entered Level 4 of the Shoals
 44094 | Shoals:4 | Reached skill level 15 in Shields
 44175 | Shoals:4 | Got a barnacled rune of Zot
 44692 | Vaults:1 | Entered Level 1 of the Vaults
 44873 | Vaults:1 | Reached skill level 15 in Armour
 44996 | Vaults:1 | Received a gift from Okawaru
 45119 | Vaults:1 | Reached skill level 5 in Dodging
 45618 | Vaults:1 | Received a gift from Okawaru
 46181 | Vaults:1 | Reached XP level 21. HP: 142/176 MP: 27/27
 46198 | Vaults:1 | Slain by a stone giant

Levels and vault maps discovered:
D:1:      minmay_arrival_jagged, layout_basic
D:2:      layout_basic, nicolae_qazlal_style_of_elements
D:3:      layout_basic, elyvilon_altar_3, first_ration, dk_xom_monty_hall
D:4:      layout_cave_pools, serial_shops, shop, uniq_ijyb
D:5:      layout_rooms, minmay_fractal_squares_5, uniq_blork_the_orc,
          uniq_menkaure
D:6:      layout_basic
D:7:      layout_gridville, minmay_temple_entry_large_hall, basic_altar,
          enter_bailey_6, minmay_misc_feat_enclosed
D:8:      layout_basic
D:9:      layout_loops_ring, grunt_lair_entry_orc_guard_hut, orc_david_3,
          basic_altar, uniq_harold
D:10:     layout_rooms, serial_shops, shop
D:11:     layout_roguey, basic_altar
D:12:     layout_stronghold, uniq_nergalle
D:13:     layout_basic, serial_shops, shop, uniq_rupert
D:14:     layout_cave_pods, david_vaults_3
D:15:     gammafunk_depths_entry_grave, layout_basic, basic_altar,
          kennysheep_two_boxes, uniq_jorgrun
Temple:   compressed_dpeg_circular_temple
Lair:1:   beast_lair_carwin_large_3, layout_cave_pods, serial_rivers,
          chequers_serial_rivers_small_3, chequers_serial_rivers_micro_d,
          chequers_serial_rivers_large_b, chequers_serial_rivers_small_a,
          chequers_serial_rivers_small_a, roderic_batcave, uniq_joseph
Lair:2:   layout_chaotic_city, grunt_megastairs_5, uniq_urug
Lair:3:   minmay_guarded_unrand_snakebite, layout_hall_layers,
          portal_ice_cave_entry_pillars_2, pond
Lair:4:   layout_roguey, elwin_shoals_entry_rooms, dummy_snake_entry,
          infiniplex_staircase_pool
Lair:5:   layout_gridlike, slime_altar_1, serial_bayou_shore_a
Lair:6:   evil_forest, layout_cave_pods, gammafunk_ghost_abyssal_escape,
          minivault_26, columned_hall_lemuel, uniq_kirke
Shoals:1: layout_shoals
Shoals:2: layout_shoals
Shoals:3: layout_shoals
Shoals:4: shoals_end_hangedman, layout_shoals
Snake:1:  layout_gridlike, basic_altar, gammafunk_ghost_grave, uniq_aizul
Snake:2:  layout_chambers, drop_trap
Snake:3:  layout_grid_maze, st_stairs_13, minmay_shop_grove
Snake:4:  snake_pit, layout_cave_town, grunt_ministairs_11, drop_trap,
          nicolae_snake_springs, serial_bayou_shore_b
Orc:1:    orc_temple, layout_caves, serial_shops, nicolae_shop_crystal,
          hangedman_minor_magic, uniq_snorg, uniq_josephine
Orc:2:    pf_orc_diabolical, layout_diamond_mine, ebering_ghost_disaster_area
Vaults:1: v_misc_18, st_octagons_2, hangedman_vaults_stitches,
          vaults_room_fours, dpeg_vaults_monster_box, v_misc_19,
          nicolae_vaults_asterisk, grunt_vaults_funnel, vaults_room_pools,
          layout_vaults_omnigrid

Skill      XL: |  1  2  3  4  5  6  7  8  9 10 11 12 13 14 15 16 17 18 19 20 |
---------------+-------------------------------------------------------------+-----
Long Blades    | 3 4 5 6 7 9 10 11 12 13 14 15 16 17 | 17.5
Fighting       | 4 5 6 7 9 10 11 12 13 14 15 16 17 | 17.7
Armour         | 4 6 8 9 10 11 12 13 14 15 | 15.0
Shields        | 4 6 8 9 10 11 12 13 14 15 | 15.0
Invocations    | 4 5 6 8 |  8.6
Throwing       | 4 6 8 9 10 | 10.5
Dodging        | 3 6 |  6.1

Action                   |  1- 3 |  4- 6 |  7- 9 | 10-12 | 13-15 | 16-18 | 19-21 || total
-------------------------+-------+-------+-------+-------+-------+-------+-------++-------
Melee: Long sword        |    99 |   199 |   173 |       |       |       |       ||   471
       Falchion          |       |       |   136 |   713 |  1489 |   260 |       ||  2598
       Whip              |       |       |       |       |    25 |       |       ||    25
       Unarmed           |       |       |       |       |     5 |       |       ||     5
       Scimitar          |       |       |       |       |       |   633 |       ||   633
       Demon blade       |       |       |       |       |       |   944 |  1540 ||  2484
Throw: Boomerang         |       |       |       |    28 |     8 |       |    73 ||   109
Invok: Heroism           |       |       |       |     6 |     8 |     3 |    10 ||    27
       Finesse           |       |       |       |     1 |     1 |       |     2 ||     4
 Abil: Stop Flying       |       |       |       |       |       |       |     3 ||     3
       Evoke Flight      |       |       |       |       |       |       |     2 ||     2
Evoke: Wand              |       |     2 |     2 |     2 |    32 |     4 |     1 ||    43
  Use: Scroll            |     4 |     6 |     1 |    11 |     8 |    10 |     4 ||    44
       Potion            |       |       |     2 |     4 |     3 |     7 |       ||    16
 Stab: Confused          |       |     2 |       |       |     1 |       |     4 ||     7
  Eat: Chunk             |       |     9 |    12 |    19 |    25 |    26 |    25 ||   116
       Ration            |       |       |       |     4 |     1 |     4 |     2 ||    11
Armor: Scale mail        |    81 |    40 |       |       |       |       |       ||   121
       Chain mail        |       |    59 |   176 |   263 |   190 |       |       ||   688
       Plate armour      |       |       |       |       |   314 |   680 |   542 ||  1536
Dodge: Dodged            |    36 |    43 |    57 |   119 |   250 |   290 |   347 ||  1142
Block: Kite shield       |    54 |   112 |   171 |   391 |   788 |  1189 |  1014 ||  3719
       Rpst.: Long sword |    14 |    14 |     9 |       |       |       |       ||    37
       Falchion          |       |       |     8 |    37 |    50 |    11 |       ||   106
       Scimitar          |       |       |       |       |       |    20 |       ||    20
       Demon blade       |       |       |       |       |       |    38 |    70 ||   108

Table legend:
 A = Non-vault XP
 B = Vault XP
 C = Vault XP percentage of total XP
 D = Non-vault monster count
 E = Vault monster count
 F = Vault count percentage of total count
                 A         B        C        D         E       F
            +---------+---------+-------+---------+---------+-------
      Total |  258914 |  157322 |  37.8 |     896 |     414 |  31.6
            +---------+---------+-------+---------+---------+-------
        D:1 |      65 |       0 |   0.0 |      21 |       0 |   0.0
        D:2 |      83 |       0 |   0.0 |      23 |       0 |   0.0
        D:3 |     126 |      89 |  41.4 |      19 |       3 |  13.6
        D:4 |     469 |      36 |   7.1 |      13 |       1 |   7.1
        D:5 |     524 |     498 |  48.7 |      29 |       6 |  17.1
        D:6 |     376 |       0 |   0.0 |      10 |       0 |   0.0
        D:7 |    1953 |       0 |   0.0 |      26 |       0 |   0.0
        D:8 |     709 |       0 |   0.0 |      13 |       0 |   0.0
        D:9 |    2849 |    1633 |  36.4 |      41 |      13 |  24.1
       D:10 |    1994 |       0 |   0.0 |      16 |       0 |   0.0
       D:11 |    3357 |       0 |   0.0 |      16 |       0 |   0.0
       D:12 |    7079 |     785 |  10.0 |      30 |       1 |   3.2
       D:13 |   11384 |    8463 |  42.6 |      60 |      20 |  25.0
       D:14 |   14386 |     807 |   5.3 |      40 |       1 |   2.4
       D:15 |   11347 |    8104 |  41.7 |      33 |      11 |  25.0
     Lair:1 |    3708 |    2681 |  42.0 |      18 |      23 |  56.1
     Lair:2 |     836 |     687 |  45.1 |       4 |       3 |  42.9
     Lair:3 |    5405 |    2288 |  29.7 |      15 |      16 |  51.6
     Lair:4 |   10578 |    1014 |   8.7 |      38 |       3 |   7.3
     Lair:5 |    8169 |    3485 |  29.9 |      28 |       7 |  20.0
     Lair:6 |   10651 |    8760 |  45.1 |      22 |      26 |  54.2
   Shoals:1 |   11079 |       0 |   0.0 |      22 |       0 |   0.0
   Shoals:2 |   18392 |       0 |   0.0 |      37 |       0 |   0.0
   Shoals:3 |   20025 |    2790 |  12.2 |      43 |       4 |   8.5
   Shoals:4 |    8664 |   17304 |  66.6 |      17 |      26 |  60.5
    Snake:1 |   10726 |    3331 |  23.7 |      24 |       2 |   7.7
    Snake:2 |    8827 |       0 |   0.0 |      14 |       0 |   0.0
    Snake:3 |   20503 |    2867 |  12.3 |      42 |       6 |  12.5
    Snake:4 |   24657 |   39255 |  61.4 |      46 |      66 |  58.9
      Orc:1 |    2211 |   10891 |  83.1 |      13 |      51 |  79.7
      Orc:2 |    7645 |   17881 |  70.1 |      67 |      59 |  46.8
   Vaults:1 |   30137 |   18187 |  37.6 |      56 |      37 |  39.8
     Bailey |       0 |     255 | 100.0 |       0 |       9 | 100.0
      IceCv |       0 |    5231 | 100.0 |       0 |      20 | 100.0
            +---------+---------+-------+---------+---------+-------
